 Dungeon Crawl Stone Soup version 0.19.4-25-g1b72edd (webtiles) character file.

6862 HeyBub the Spear-Bearer (level 10, -2/95 HPs)
             Began as a Minotaur Gladiator on Feb 28, 2017.
             Was a Believer of Dithmenos.
             Slain by an enormous slime creature (50 damage)
             ... on level 11 of the Dungeon.
             The game lasted 00:21:27 (7479 turns).

HeyBub the Spear-Bearer (Minotaur Gladiator)        Turns: 7479, Time: 00:21:28

Health: -2/95      AC: 13    Str: 28    XL:     10   Next: 78%
Magic:  0/14       EV: 17    Int:  5    God:    Dithmenos [**....]
Gold:   551        SH:  0    Dex: 14    Spells: 0 memorised, 9 levels left

rFire  . . .     SeeInvis .     O - +1 spear of the Eternal Warrior {holy, rN+ MR- Dex+3}
rCold  . . .     Gourm    .     N - +4 moon troll leather armour {Spirit, Regen++ MP+5}
rNeg   + + .     Faith    .     (no shield)
rPois  +         Spirit   +     c - +0 hat
rElec  .         Reflect  .     y - +1 cloak {rPois}
rCorr  .         Harm     .     R - +1 pair of gloves
MR     .....                    (no boots)
Stlth  +++.......               A - amulet of regeneration
                                L - ring of positive energy
                                K - ring of protection from magic

@: mighty, wreathed by umbra
A: retaliatory headbutt, horns 2, talons 1, rugged brown scales 2, deformed
body, evolution 1
a: Shadow Step, Renounce Religion


You were on level 11 of the Dungeon.
You worshipped Dithmenos.
Dithmenos was pleased with you.
You were not hungry.

You visited 2 branches of the dungeon, and saw 12 of its levels.

You collected 626 gold pieces.
You spent 75 gold pieces at shops.

Inventory:

Hand Weapons
 C - a +0 dagger
 O - the +1 spear of the Eternal Warrior (weapon) {holy, rN+ MR- Dex+3}
   (You found it on level 9 of the Dungeon)

   It has been blessed by the Shining One to cause great damage to the undead
   and demons.
   It affects your dexterity (+3).
   It protects you from negative energy.
   It affects your resistance to hostile enchantments.
 P - the +6 rapier "Hellblazer" {vamp, MR+}
   (You found it on level 9 of the Dungeon)

   It inflicts no extra harm, but heals its wielder when it wounds a living foe.
   It affects your resistance to hostile enchantments.
Missiles
 d - 4 throwing nets (quivered)
 Q - 6 poisoned tomahawks
Armour
 b - +0 steam dragon scales
 c - a +0 hat (worn)
 y - a +1 cloak of poison resistance (worn)
 N - the +4 moon troll leather armour (worn) {Spirit, Regen++ MP+5}
   (You found it on level 9 of the Dungeon)

   It affects your magic capacity (+5).
   It increases your rate of regeneration.
 R - a +1 pair of gloves (worn)
Jewellery
 p - an uncursed ring of wizardry
 A - an amulet of regeneration (around neck)
 J - an uncursed ring of flight
 K - a ring of protection from magic (left hand)
 L - a ring of positive energy (right hand)
Wands
 q - a wand of teleportation (5/9)
 s - a wand of confusion (13/48)
 t - a wand of acid (6/15)
 B - a wand of disintegration (8/24)
 F - a wand of polymorph (18/24)
Scrolls
 e - 2 scrolls of amnesia
 k - 6 scrolls of remove curse
 l - a scroll of recharging
 x - 5 scrolls of teleportation
 G - a scroll of magic mapping
 M - a scroll of identify
 S - a scroll of enchant armour {unknown}
Potions
 h - 4 potions of degeneration
 j - 3 potions of lignification
 o - 2 potions of agility
 v - 2 potions of resistance
Books
 i - a book of Party Tricks

   Spells                             Type                      Level
   a - Summon Butterflies             Summoning                    1
   b - Apportation                    Translocation                1
   c - Lesser Beckoning               Translocation                3
   d - Tukima's Dance                 Hexes                        3
   e - Alistair's Intoxication        Transmutation/Poison         5
   f - Invisibility                   Hexes                        6
 n - a book of Conjurations

   Spells                             Type                      Level
   a - Magic Dart                     Conjuration                  1
   b - Searing Ray                    Conjuration                  2
   c - Dazzling Spray                 Conjuration/Hexes            3
   d - Fulminant Prism                Conjuration/Hexes            4
   e - Iskenderun's Mystic Blast      Conjuration                  4
   f - Iskenderun's Battlesphere      Conjuration/Charms           5
 D - a book of Changes

   Spells                             Type                      Level
   a - Beastly Appendage              Transmutation                1
   b - Sticks to Snakes               Transmutation                2
   c - Spider Form                    Transmutation/Poison         3
   d - Ice Form                       Ice/Transmutation            4
   e - Blade Hands                    Transmutation                5
 H - a book of Debilitation

   Spells                             Type                      Level
   a - Corona                         Hexes                        1
   b - Slow                           Hexes                        2
   c - Gell's Gravitas                Hexes/Translocation          3
   d - Inner Flame                    Hexes/Fire                   3
   e - Cause Fear                     Hexes                        4
   f - Leda's Liquefaction            Hexes/Earth                  4
Comestibles
 f - 7 bread rations
 g - 6 fruits
 u - a slice of pizza
 w - 4 beef jerkies
 z - 4 meat rations


   Skills:
 + Level 9.4 Fighting
 + Level 12.7 Polearms
 + Level 2.0 Throwing
 + Level 6.1 Armour
 + Level 8.4 Dodging
 + Level 4.7 Stealth


You had 9 spell levels left.
You didn't know any spells.

Dungeon Overview and Level Annotations

Branches:
Dungeon (11/15)            Temple (1/1) D:7            Lair (0/6) D:10
    Orc: D:9-12

Altars:
Cheibriados
Dithmenos
Elyvilon
Gozag
Uskayaw
Vehumet
Xom
The Shining One

Shops:
D:5 ?   D:10 [

Portals:
Bailey: D:8

Annotations:
D:3 HeyBub's ghost, weakling DsGl
D:7 Prince Ribbit


Innate Abilities, Weirdness & Mutations

You reflexively headbutt those who attack you in melee.
You have a pair of horns on your head.
You have sharp toenails.
You are mostly covered in rugged brown scales. (AC +2, +5% HP)
Armour fits poorly on your strangely shaped body.
You evolve.


Message History

* * * LOW HITPOINT WARNING * * *
You feel better.
The enormous slime creature barely misses you.
You furiously retaliate!
You headbutt the enormous slime creature.
You are too injured to fight recklessly!
You are too injured to fight recklessly!
You are too injured to fight recklessly!
You are confused.
You feel invigorated.
The enormous slime creature barely misses you.
You bump into the rock wall.
The enormous slime creature misses you.
You feel less invigorated.
You feel less confused.
The cyclops throws a large rock.
The large rock barely misses you.
You see here a large rock.
You feel very mighty all of a sudden. The enormous slime creature hits you!!!
Ouch! That really hurt!
You die...

#..# #.## #.# #.## #..# #.#
##'##### ##.# #.# .......# #.#
#######'## ...<...# #.# #.........
.......# ###.#######.........
.......#######.........+.....รท...
...)...'.....).#.#######....[....
.......#########@# ######'###
.......# #J## #.# .......# #..#
#.# #+###### ##.## #.# #..# ..#
##C# ### #.# ... .....


You could see an enormous slime creature and a cyclops.

Vanquished Creatures
  The ghost of antares the Spear-Bearer, a novice MfBe of Trog (D:6)
  An unseen horror (D:10)
  Pikel (D:6)
  An ugly thing (D:11)
  A hippogriff (D:6)
  A spriggan (D:7)
  6 humans (D:6)
  A yak (D:10)
  A steam dragon (D:11)
  A soldier ant (D:9)
  A water moccasin (D:6)
  2 ice beasts
  4 sky beasts
  An orc warrior (D:10)
  A slave (D:6)
  3 ogres
  5 centaurs
  2 phantoms
  Blork the orc (D:5)
  2 bullfrogs
  2 scorpions (D:5)
  4 killer bees (D:10)
  5 howler monkeys
  5 crimson imps
  A centaur zombie (D:6)
  4 orc priests
  Crazy Yiuf (D:3)
  5 hounds
  10 orc wizards
  An iguana (D:6)
  Jessica (D:2)
  5 worker ants
  A killer bee zombie (D:9)
  2 hound skeletons
  A worker ant zombie (D:8)
  6 adders
  4 shadow imps
  2 oozes
  An adder zombie (D:8)
  2 worms
  4 dart slugs
  8 leopard geckos
  8 orcs
  8 giant cockroaches
  9 goblins
  8 hobgoblins
  4 jackals (D:3)
  3 kobolds
  4 quokkas
  2 ball pythons
  13 bats
  5 frilled lizards
  A leopard gecko zombie (D:5)
  37 rats
  A fungus (D:10)
215 creatures vanquished.

Vanquished Creatures (others)
  3 slaves (D:6)
  A wyvern zombie (D:9)
  An orc priest (D:6)
  3 gnolls (D:6)
  A leopard gecko (D:6)
  A fungus (D:10)
10 creatures vanquished.

Grand Total: 225 creatures vanquished

Notes
Turn   | Place    | Note
-------+----------+-------------------------------------------
     0 | D:1      | HeyBub the Minotaur Gladiator began the quest for the Orb.
     0 | D:1      | Reached XP level 1. HP: 18/18 MP: 0/0
   126 | D:1      | Reached XP level 2. HP: 25/25 MP: 1/1
   288 | D:1      | Reached skill level 4 in Polearms
   401 | D:1      | Reached XP level 3. HP: 30/30 MP: 2/2
   420 | D:1      | Reached skill level 1 in Armour
   737 | D:2      | Found an opulent altar of Gozag.
   750 | D:2      | Noticed Jessica
   754 | D:2      | Killed Jessica
   754 | D:2      | Reached XP level 4. HP: 37/37 MP: 3/3
   809 | D:2      | Reached skill level 5 in Polearms
   812 | D:2      | Found a snail-covered altar of Cheibriados.
  1154 | D:3      | Reached XP level 5. HP: 26/45 MP: 4/4
  1669 | D:3      | Noticed HeyBub's ghost (weakling DsGl)
  1937 | D:3      | Found a runed door.
  1941 | D:3      | Noticed Crazy Yiuf
  1954 | D:3      | Killed Crazy Yiuf
  2038 | D:4      | Reached skill level 6 in Polearms
  2075 | D:4      | Noticed a phantom
  2098 | D:4      | Killed a phantom
  2098 | D:4      | Reached XP level 6. HP: 24/52 MP: 5/5
  2256 | D:4      | Reached skill level 5 in Dodging
  2432 | D:5      | Entered Level 5 of the Dungeon
  2434 | D:5      | Noticed Blork the orc
  2438 | D:5      | Reached skill level 1 in Stealth
  2446 | D:5      | Reached skill level 7 in Polearms
  2446 | D:5      | Reached XP level 7. HP: 45/59 MP: 6/6
  2454 | D:5      | Killed Blork the orc
  2693 | D:5      | Found Aheuguw's Magic Scroll Emporium.
  2701 | D:5      | Bought a scroll of enchant weapon for 75 gold pieces
  2712 | D:5      | Reached skill level 8 in Polearms
  3508 | D:6      | Noticed Pikel
  3523 | D:6      | Killed Pikel
  3523 | D:6      | Reached skill level 5 in Fighting
  3523 | D:6      | Reached skill level 9 in Polearms
  3523 | D:6      | Reached XP level 8. HP: 15/69 MP: 7/7
  3887 | D:6      | Reached skill level 10 in Polearms
  3931 | D:6      | Reached XP level 9. HP: 44/75 MP: 8/8
  3979 | D:6      | Reached skill level 5 in Armour
  4131 | D:6      | Reached skill level 11 in Polearms
  4281 | D:6      | Noticed antares's ghost (novice MfBe)
  4316 | D:6      | Killed antares's ghost
  4636 | D:7      | Found a staircase to the Ecumenical Temple.
  4646 | Temple   | Entered the Ecumenical Temple
  4682 | Temple   | Became a worshipper of Dithmenos the Shadowed
  4758 | D:7      | Gained mutation: You can translocate small distances at will. [mutagenic meat]
  4759 | D:7      | Gained mutation: Your spells are a little easier to cast, but a little less powerful. [mutagenic meat]
  4760 | D:7      | Gained mutation: You have sharp toenails. [mutagenic meat]
  4761 | D:7      | Gained mutation: You are weak. (Str -2) [mutagenic meat]
  4780 | D:7      | Reached XP level 10. HP: 55/88 MP: 9/9
  5123 | D:7      | Reached skill level 12 in Polearms
  5128 | D:7      | Gained mutation: Armour fits poorly on your strangely shaped body. [mutagenic meat]
  5130 | D:7      | Gained mutation: You are partially covered in rugged brown scales. (AC +1, +3% HP) [mutagenic meat]
  5131 | D:7      | Gained mutation: You passively map a small area around you. [mutagenic meat]
  5132 | D:7      | Gained mutation: You are mostly covered in rugged brown scales. (AC +2, +5% HP) [mutagenic meat]
  5162 | D:7      | Noticed Prince Ribbit
  5228 | D:8      | Reached * piety under Dithmenos
  5259 | D:8      | Gained mutation: You are very weak. (Str -4) [potion of mutation]
  5259 | D:8      | Gained mutation: Your movements are slightly less encumbered by armour. (ER -2) [potion of mutation]
  5487 | D:8      | Found a flagged portal.
  5745 | D:9      | Found a white marble altar of Elyvilon.
  5789 | D:9      | Got a jewelled spear
  5790 | D:9      | Identified the +1 spear of the Eternal Warrior {holy, rN+ MR- Dex+3} (You found it on level 9 of the Dungeon)
  6082 | D:9      | Got a polished rapier
  6239 | D:10     | Entered Level 10 of the Dungeon
  6514 | D:10     | Found Fiol Ebb's Armour Shop.
  6627 | D:10     | Lost mutation: You are very weak. (Str -4) [mutagenic meat]
  6629 | D:10     | Gained mutation: You evolve. [mutagenic meat]
  6726 | D:10     | Killed an unseen horror
  6755 | D:10     | Lost mutation: You are weak. (Str -2) [potion of cure mutation]
  6755 | D:10     | Lost mutation: You can translocate small distances at will. [potion of cure mutation]
  6755 | D:10     | Lost mutation: Your spells are a little easier to cast, but a little less powerful. [potion of cure mutation]
  6755 | D:10     | Lost mutation: You passively map a small area around you. [potion of cure mutation]
  6755 | D:10     | Lost mutation: Your movements are slightly less encumbered by armour. (ER -2) [potion of cure mutation]
  6786 | D:10     | Found a glowing golden altar of the Shining One.
  7106 | D:10     | Reached ** piety under Dithmenos
  7113 | D:10     | Found a staircase to the Lair.
  7193 | D:11     | Identified the +6 rapier "Hellblazer" {vamp, MR+} (You found it on level 9 of the Dungeon)
  7299 | D:11     | Noticed a green ugly thing
  7328 | D:11     | Killed a green ugly thing
  7440 | D:11     | Noticed a cyclops
  7469 | D:11     | HP: 1/95 [enormous slime creature (44)]
  7479 | D:11     | Slain by an enormous slime creature

Skill      XL: |  1  2  3  4  5  6  7  8  9 10 |
---------------+-------------------------------+-----
Polearms       | 4 5 6 7 9 10 11 12 | 12.7
Armour         | 1 2 4 5 6 |  6.1
Dodging        | 4 5 6 7 8 |  8.4
Fighting       | 3 4 5 6 7 9 |  9.4
Stealth        | 1 2 3 4 |  4.7
Throwing       | |  2.0

Action                   |  1- 3 |  4- 6 |  7- 9 | 10-12 || total
-------------------------+-------+-------+-------+-------++-------
Melee: Trident           |    66 |   207 |   234 |    78 ||   585
       Headbutt          |     7 |    24 |    37 |    63 ||   131
       Spear             |       |       |       |   218 ||   218
       Kick              |       |       |       |   103 ||   103
  Use: Scroll            |     1 |     1 |     7 |    13 ||    22
       Potion            |       |     3 |     2 |    10 ||    15
 Stab: Sleeping          |       |     1 |     4 |     9 ||    14
       Distracted        |       |       |       |     2 ||     2
  Eat: Bread ration      |       |     1 |     1 |     2 ||     4
       Pizza             |       |     1 |       |       ||     1
       Fruit             |       |       |     3 |       ||     3
       Chunk             |       |       |     5 |    11 ||    16
Armor: Leather armour    |    12 |    30 |    25 |    13 ||    80
       Troll leather arm |       |       |       |    46 ||    46
Dodge: Dodged            |    36 |   104 |    95 |   123 ||   358
